 Dungeon Crawl Stone Soup version 0.29.1-13-g9f3cf754e1 (webtiles) character file.

Game seed: 10326531525955048145

992 hbarley the Shield-Bearer (level 8, 0/67 HPs)
             Began as a Gnoll Fighter on Jan 31, 2023.
             Was a Believer of Uskayaw.
             Engulfed by a steam dragon's steam (4 damage)
             ... on level 7 of the Dungeon.
             The game lasted 00:19:26 (7271 turns).

hbarley the Shield-Bearer (Gnoll Fighter)           Turns: 7271, Time: 00:19:26

Health: 0/67       AC: 14    Str: 15    XL:     8   Next: 18%
Magic:  12/12      EV:  5    Int:  8    God:    Uskayaw [**....]
Gold:   407        SH:  6    Dex: 14    Spells: 13/13 levels left

rFire   . . .      SeeInvis .   a - +0 war axe
rCold   . . .      Faith    .   c - +0 buckler
rNeg    + . .      Spirit   .   o - +0 plate armour
rPois   .          Reflect  .   (no helmet)
rElec   .          Harm     .   i - scarf {+Inv}
rCorr   .          Rampage  .   h - +0 pair of gloves
Will    .....                   (no boots)
Stlth   ..........              (no amulet)
HPRegen 0.21/turn               e - ring of positive energy
MPRegen 0.13/turn               g - ring of wizardry

@: no status effects
A: fangs 1, strong nose, distributed training
a: Renounce Religion, Evoke Invisibility, Stomp, Line Pass


You were on level 7 of the Dungeon.
You worshipped Uskayaw.
Uskayaw was noncommittal.
You visited 2 branches of the dungeon, and saw 8 of its levels.

You collected 407 gold pieces.

Inventory:

Hand Weapons
 a - a +0 war axe (weapon)
Armour
 b - a +0 scale mail
 c - a +0 buckler (worn)
 h - a +0 pair of gloves (worn)
 i - a scarf of invisibility (worn)
 o - a +0 plate armour (worn)
 s - a +0 pair of gloves
Jewellery
 e - a ring of positive energy (left hand)
 f - a ring of fire
 g - a ring of wizardry (right hand)
 m - a ring of magical power
 y - a ring of wizardry
Wands
 q - a wand of paralysis (9)
Scrolls
 j - 3 scrolls of teleportation {unknown}
 p - 3 scrolls of vulnerability {unknown}
 r - 5 scrolls of identify {unknown}
 t - a scroll of blinking {unknown}
 u - 2 scrolls of fog {unknown}
 x - a scroll of poison {unknown}
Potions
 d - a potion of might
 k - 3 potions of degeneration {unknown}
 l - 3 potions of heal wounds {unknown}
 n - a potion of curing {unknown}
 v - a potion of mutation {unknown}
 w - 2 potions of attraction {unknown}
 z - a potion of haste {unknown}


   Skills:
 + Level 7.3 Fighting
 + Level 3.1 Short Blades
 + Level 3.1 Long Blades
 + Level 5.6 Axes
 + Level 3.1 Maces & Flails
 + Level 3.1 Polearms
 + Level 3.1 Staves
 + Level 3.1 Ranged Weapons
 + Level 3.1 Throwing
 + Level 7.3 Armour
 + Level 3.1 Dodging
 + Level 3.1 Stealth
 + Level 7.3 Shields
 + Level 3.1 Unarmed Combat
 + Level 3.1 Spellcasting
 + Level 2.5 Conjurations
 + Level 2.5 Hexes
 + Level 2.5 Summonings
 + Level 2.5 Necromancy
 + Level 2.5 Translocations
 + Level 2.5 Transmutations
 + Level 2.5 Fire Magic
 + Level 2.5 Ice Magic
 + Level 2.5 Air Magic
 + Level 2.5 Earth Magic
 + Level 2.5 Poison Magic
 + Level 3.5 Invocations
 + Level 3.1 Evocations


You had 13 spell levels left.
You didn't know any spells.
Your spell library contained the following spells:

 Spells                   Type           Power      Damage    Failure   Level
 Magic Dart               Conj           20%        1d4       93%         1
 Ensorcelled Hibernation  Hex/Ice        10%        N/A       98%         2
 Passwall                 Tmut/Erth      4%         N/A       98%         2
 Poisonous Vapours        Pois/Air       10%        N/A       98%         2
 Searing Ray              Conj           10%        2d4       98%         2
 Call Canine Familiar     Summ           5%         N/A       100%        3
 Conjure Flame            Conj/Fire      5%         6-21      100%        3
 Dazzling Flash           Conj/Hex       10%        N/A       100%        3
 Ignite Poison            Fire/Tmut/Pois 5%         N/A       100%        3
 Portal Projectile        Hex/Tloc       10%        N/A       100%        3
 Swiftness                Air            5%         N/A       100%        3
 Corpse Rot               Necr/Pois/Air  5%         N/A       100%        4
 Fulminant Prism          Conj/Hex       2%         3d6       100%        4
 Iskenderun's Mystic Bla  Conj/Tloc      5%         2d3       100%        4
 Leda's Liquefaction      Hex/Erth       2%         N/A       100%        4
 Sticky Flame             Conj/Fire      5%         2d3       100%        4
 Starburst                Conj/Fire      2%         6d3       100%        6


Dungeon Overview and Level Annotations

Branches:
Dungeon (7/15)             Temple (1/1) D:4

Altars:
Ashenzari
Fedhas
Kikubaaqudgha
Makhleb
Nemelex Xobeh
Okawaru
Qazlal
Ru
Trog
Uskayaw
Wu Jian
Xom
Yredelemnul

Annotations:
D:3 3 runed translucent doors, sigtrap's ghost, amateur MiFi


Innate Abilities, Weirdness & Mutations

You have very sharp teeth.
Your uncanny sense of smell can sniff out nearby items.
Your experience applies equally to all skills.


Message History

You hit the steam dragon.
The steam dragon is severely wounded.
The steam dragon breathes steam at you. The ball of steam hits you!
You hit the steam dragon.
The steam dragon is severely wounded.
The steam dragon bites you but does no damage.
The steam dragon claws you but does no damage.
You hit the steam dragon.
The steam dragon is severely wounded.
The steam dragon bites you but does no damage.
The steam dragon claws you but does no damage.
The steam dragon bites you. The steam dragon closely misses you.
You hit the steam dragon.
You bite the steam dragon, but do no damage.
The steam dragon is almost dead.
The steam dragon bites you.
The steam dragon claws you but does no damage.
You barely miss the steam dragon.
The steam dragon is almost dead.
The steam dragon closely misses you.
The steam dragon claws you but does no damage.
You hit the steam dragon but do no damage.
The steam dragon is almost dead.
The steam dragon bites you but does no damage.
The steam dragon claws you but does no damage.
You completely miss the steam dragon. Your bite misses the steam dragon.
The steam dragon is almost dead.
The steam dragon breathes steam at you. The ball of steam hits you!
* * * LOW HITPOINT WARNING * * *
The steam dragon bites you.
* * * LOW HITPOINT WARNING * * *
The steam dragon barely misses you.
The steam dragon attacks as you move away!
The steam dragon bites you but does no damage.
The steam dragon claws you.
* * * LOW HITPOINT WARNING * * *
You are engulfed in a cloud of scalding steam.
You die...

................#####
................<...#
................###.#
####+#.........#
#.#.........#
#...........#
########'####
#####§########
#...§§@§D....#
#......§.....# ∆ ∆
#............# ∆ ∆
#............# ∆
#............#
#$...........#
#............#
#............#


You could see a steam dragon (catching breath).

Vanquished Creatures
  A black bear (D:4)
  An ogre (D:5)
  2 phantoms (D:4)
  A bullfrog (D:4)
  2 scorpions
  A hound (D:4)
  An orc priest (D:4)
  3 iguanas
  2 orc wizards
  10 adders
  7 gnolls
  2 white imps (D:4)
  An ufetubus (D:6)
  A worm (D:3)
  4 dart slugs
  22 orcs
  7 endoplasms
  3 giant cockroaches
  2 goblins
  8 hobgoblins
  5 jackals
  8 quokkas
  7 ball pythons
  2 bats
  3 frilled lizards
  7 kobolds
  6 rats
119 creatures vanquished.

Notes
Turn   | Place    | Note
-------+----------+-------------------------------------------
     0 | D:1      | hbarley the Gnoll Fighter began the quest for the Orb.
     0 | D:1      | Reached XP level 1. HP: 23/23 MP: 1/1
   210 | D:1      | Reached XP level 2. HP: 26/29 MP: 2/2
   789 | D:1      | Reached XP level 3. HP: 32/35 MP: 3/3
  1099 | D:2      | Reached skill level 1 in Invocations
  1176 | D:2      | Reached skill level 1 in Short Blades
  1176 | D:2      | Reached skill level 1 in Long Blades
  1176 | D:2      | Reached skill level 1 in Maces & Flails
  1176 | D:2      | Reached skill level 1 in Polearms
  1176 | D:2      | Reached skill level 1 in Staves
  1176 | D:2      | Reached skill level 1 in Ranged Weapons
  1176 | D:2      | Reached skill level 1 in Throwing
  1176 | D:2      | Reached skill level 1 in Dodging
  1176 | D:2      | Reached skill level 1 in Stealth
  1176 | D:2      | Reached skill level 1 in Unarmed Combat
  1176 | D:2      | Reached skill level 1 in Spellcasting
  1176 | D:2      | Reached skill level 1 in Evocations
  1189 | D:2      | Reached XP level 4. HP: 27/41 MP: 5/5
  1631 | D:2      | Reached skill level 1 in Conjurations
  1631 | D:2      | Reached skill level 1 in Hexes
  1631 | D:2      | Reached skill level 1 in Summonings
  1631 | D:2      | Reached skill level 1 in Necromancy
  1631 | D:2      | Reached skill level 1 in Translocations
  1631 | D:2      | Reached skill level 1 in Transmutations
  1631 | D:2      | Reached skill level 1 in Fire Magic
  1631 | D:2      | Reached skill level 1 in Ice Magic
  1631 | D:2      | Reached skill level 1 in Air Magic
  1631 | D:2      | Reached skill level 1 in Earth Magic
  1631 | D:2      | Reached skill level 1 in Poison Magic
  1858 | D:2      | Identified the +0 leather armour of the Invisible Hand
                  | {Str+5}
  2175 | D:3      | Found a faded altar of an unknown god.
  2309 | D:3      | Found a runed translucent gate.
  2309 | D:3      | Found a runed translucent gate.
  2311 | D:3      | Found a runed translucent gate.
  2311 | D:3      | Noticed sigtrap's ghost (amateur MiFi)
  2313 | D:3      | Identified the +8 sling "Soruss" {venom, *Slow rElec Will++
                  | rCorr}
  2452 | D:3      | Reached XP level 5. HP: 47/47 MP: 5/7
  2868 | D:4      | Found a staircase to the Ecumenical Temple.
  2869 | D:4      | Noticed a phantom
  2890 | D:4      | Killed a phantom
  2921 | Temple   | Entered the Ecumenical Temple
  3341 | Temple   | Became a worshipper of Uskayaw the Reveller
  3406 | D:4      | Reached * piety under Uskayaw
  3412 | D:4      | Reached ** piety under Uskayaw
  3418 | D:4      | Reached XP level 6. HP: 15/53 MP: 8/8
  3419 | D:4      | Reached *** piety under Uskayaw
  3442 | D:4      | Reached skill level 5 in Axes
  3895 | D:4      | Reached XP level 7. HP: 53/60 MP: 10/10
  4728 | D:5      | Entered Level 5 of the Dungeon
  5498 | D:5      | Reached XP level 8. HP: 48/67 MP: 12/12
  7271 | D:7      | Engulfed by a steam dragon's steam

Illustrated notes

Levels and vault maps discovered:
D:1:      lightli_arrival_chessboard, layout_basic
D:2:      layout_loops_ring
D:3:      layout_loops_ring, nicolae_ecumenical_snake_handling,
          biasface_ghost_orc_armoury, minmay_misc_feat_doors
D:4:      layout_basic, minmay_temple_entry_arrows
D:5:      layout_loops_cross
D:6:      layout_gridville
D:7:      minmay_polygon_palace, layout_basic
Temple:   hellmonk_temple_forest_ring

Skill      XL: |  1  2  3  4  5  6  7 |
---------------+----------------------+-----
Invocations    | 1 2 3 |  3.5
Short Blades   | 1 2 3 |  3.1
Long Blades    | 1 2 3 |  3.1
Maces & Flails | 1 2 3 |  3.1
Polearms       | 1 2 3 |  3.1
Staves         | 1 2 3 |  3.1
Ranged Weapons | 1 2 3 |  3.1
Throwing       | 1 2 3 |  3.1
Dodging        | 1 2 3 |  3.1
Stealth        | 1 2 3 |  3.1
Unarmed Combat | 1 2 3 |  3.1
Spellcasting   | 1 2 3 |  3.1
Evocations     | 1 2 3 |  3.1
Conjurations   | 1 2 |  2.5
Hexes          | 1 2 |  2.5
Summonings     | 1 2 |  2.5
Necromancy     | 1 2 |  2.5
Translocations | 1 2 |  2.5
Transmutations | 1 2 |  2.5
Fire Magic     | 1 2 |  2.5
Ice Magic      | 1 2 |  2.5
Air Magic      | 1 2 |  2.5
Earth Magic    | 1 2 |  2.5
Poison Magic   | 1 2 |  2.5
Axes           | 5 |  5.6
Fighting       | 7 |  7.3
Armour         | 7 |  7.3
Shields        | 7 |  7.3

Action                   |  1- 3 |  4- 6 |  7- 9 || total
-------------------------+-------+-------+-------++-------
Melee: War axe           |    83 |   175 |   141 ||   399
       Bite              |     3 |    13 |    16 ||    32
Invok: Stomp             |       |       |     2 ||     2
       Line Pass         |       |       |     1 ||     1
 Stab: Paralysed         |       |       |     1 ||     1
Armor: Scale mail        |    34 |    38 |       ||    72
       Plate armour      |       |    78 |   135 ||   213
Dodge: Dodged            |    35 |    56 |    59 ||   150
Block: Buckler           |    26 |    38 |    57 ||   121
